Map: 2000 Atmospheres LE

Players

A.I. 1 (Very Easy) - Winner!

  • Race: Protoss Protoss

EGOR

  • Race: Zerg Zerg

VOD

Have the link to the VOD?

Description

This is a example ZvP Ravager ling bane build order. Made by my coach EGOR.

Time

  • Played on: Dec. 31, 2021, 2:49 p.m.
  • Length: 7:55
Show
View Real Time Build Order
Export as new Build Order

A.I. 1 (Very Easy) Protoss - Winner!

Build Orders: 1 Gate Expand, Nexus First 

Get SALT Encoding   

  12  0:00  Probe  
  13  0:13  Probe  
  14  0:19  Pylon  
  14  0:42  Gateway  
  14  1:00  Nexus  
  14  1:19  Pylon  
  14  1:20  Zealot  
  14  1:23  Assimilator  
  16  1:32  Probe  
  16  1:36  Cybernetics Core  
  17  1:41  Probe  
  18  1:53  Probe  
  19  2:01  Assimilator  
  19  2:02  Probe  
  19  2:07  Stalker  
  20  2:13  Probe  
  23  2:16  Probe  
  24  2:26  Warp Gate  
  24  2:27  Probe  
  25  2:34  Probe  
  26  2:44  Probe  
  26  2:49  Pylon  
  27  2:52  Probe  
  28  2:59  Probe  
  28  3:01  Assimilator  
  29  3:05  Probe  
  29  3:08  Robotics Facility  
  30  3:13  Probe  
  30  3:16  Probe  
  31  3:24  Zealot  
  34  3:28  Probe  
  34  3:31  Probe  
  36  3:42  Probe  
  37  3:49  Probe  
  37  3:55  Observer  
  38  3:56  Probe  
  40  4:03  Assimilator, Probe  
  40  4:09  Observer  
  41  4:11  Probe  
  43  4:18  Probe  
  44  4:25  Probe  
  44  4:29  Pylon  
  45  4:32  Probe  
  45  4:33  Sentry  
  48  4:39  Probe  
  49  4:47  Probe  
Show
View Real Time Build Order
Export as new Build Order

EGOR Zerg 

Build Orders: Hatch First 

Get SALT Encoding   

  12  0:00  Drone  
  13  0:13  Overlord  
  13  0:18  Drone  
  14  0:31  Drone x2  
  16  0:49  Hatchery  
  15  0:53  Drone  
  17  0:57  Drone  
  17  0:59  Drone  
  18  1:11  Extractor  
  17  1:15  Spawning Pool  
  16  1:18  Drone  
  16  1:20  Drone  
  18  1:28  Drone  
  19  1:39  Drone  
  20  1:50  Overlord  
  20  2:01  Queen x2  
  20  2:03  Zergling x4  
  26  2:11  Drone  
  26  2:14  Metabolic Boost  
  27  2:16  Drone  
  27  2:22  Drone  
  29  2:24  Drone  
  30  2:37  Hatchery  
  30  2:42  Drone x2  
  31  2:47  Overlord  
  31  2:54  Queen  
  31  2:57  Drone  
  34  3:02  Drone x2  
  36  3:07  Overlord  
  36  3:10  Drone  
  37  3:13  Drone  
  37  3:14  Drone  
  37  3:15  Drone  
  37  3:19  Overlord  
  40  3:22  Drone x2  
  40  3:25  Drone  
  40  3:26  Drone  
  44  3:33  Queen  
  46  3:35  Drone  
  47  3:42  Zergling x4  
  47  3:43  Zergling x2  
  47  3:45  Drone x2  
  52  3:49  Spore Crawler  
  52  3:50  Drone x2  
  52  3:54  Queen  
  55  3:58  Drone x2  
  55  4:00  Overlord  
  55  4:02  Drone  
  58  4:06  Overlord  
  58  4:09  Spore Crawler  
  58  4:10  Drone x2  
  58  4:12  Drone  
  58  4:16  Drone  
  58  4:17  Overlord  
  61  4:19  Drone  
  61  4:20  Drone  
  63  4:24  Lair  
  63  4:28  Drone x3  
  66  4:35  Roach Warren  
  66  4:36  Drone  
  66  4:37  Drone, Extractor x2  
  65  4:41  Queen  
  65  4:43  Drone x2  
  65  4:45  Drone  
  70  4:48  Drone x3  
  70  4:50  Drone  
  70  4:52  Drone x2  
  76  4:53  Drone  
  76  4:56  Drone x2  
  76  4:57  Drone  
  80  5:00  Overlord  
  80  5:05  Drone  
  81  5:07  Drone  
  81  5:08  Overlord  
  81  5:10  Extractor  
  81  5:16  Drone x3, Evolution Chamber  
  81  5:17  Extractor  
  81  5:18  Drone x2, Baneling Nest  
  81  5:20  Drone x2, Extractor  
  84  5:23  Glial Reconstitution  
  84  5:29  Hatchery  
  83  5:36  Overlord x2  
  83  5:37  Roach  
  83  5:38  Roach x2  
  83  5:40  Roach  
  83  5:42  Roach  
  93  5:43  Roach  
  93  5:45  Roach  
  97  5:51  Zerg Melee Weapons Level 1  
  97  5:53  Overlord x2  
  97  5:55  Drone  
  98  5:58  Overlord  
  98  6:04  Centrifugal Hooks  
  98  6:08  Ravager x3  
  98  6:10  Zergling x18  
  110  6:18  Zergling x2  
  110  6:19  Zergling x8  
  110  6:21  Overlord  
  110  6:22  Overlord  
  115  6:27  Zergling x8  
  115  6:30  Infestation Pit  
  118  6:34  Baneling  
  118  6:35  Baneling x6  
  118  6:36  Overlord x2  
  118  6:42  Zergling x2  
  118  6:43  Zergling x8  
  118  6:44  Drone  
  124  6:47  Drone  
  124  6:51  Drone x7  
  132  6:54  Baneling x7  
  132  6:57  Drone x2  
  132  7:00  Overlord  
  134  7:06  Zergling x10  
  139  7:08  Overlord  
  139  7:14  Zergling x2  
  139  7:15  Zergling x4  
  142  7:22  Spire  
  141  7:23  Drone x3, Extractor  
  141  7:24  Extractor  
  141  7:26  Drone x3  
  145  7:30  Overlord  
  145  7:38  Hatchery  
  145  7:40  Baneling x5  
  145  7:41  Baneling x7  
Tags
 
Add a new tag
Caveats
  • Supply blocks, unpowered buildings, or Contaminate may cause inaccurate times.
  • Supply counts are checked every 10 seconds.